 Dungeon Crawl Stone Soup version 0.28-a0-268-g3f656e82c2 (webtiles) character file.

Game seed: 16164915480237777006

102 bande the Covered (level 4, -1/29 HPs)
             Began as a Gargoyle Fighter on Aug 29, 2021.
             Slain by an orc wizard (2 damage)
             ... on level 3 of the Dungeon.
             The game lasted 00:03:07 (2440 turns).

bande the Covered (Gargoyle Fighter)                Turns: 2440, Time: 00:03:07

Health: -1/29      AC: 10    Str: 19    XL:     4   Next: 78%
Magic:  4/4        EV:  7    Int:  9    God:
Gold:   77         SH:  9    Dex: 10    Spells: 3/3 levels left

rFire   . . .      SeeInvis .   a - +0 war axe
rCold   . . .      Faith    .   c - +1 kite shield
rNeg    + . .      Spirit   .   b - +0 scale mail
rPois   ∞          Reflect  .   (no helmet)
rElec   +          Harm     .   (no cloak)
rCorr   .          Rampage  .   (no gloves)
Will    .....                   (no boots)
Stlth   ..........              (no amulet)
HPRegen 0.09/turn               (no ring)
MPRegen 0.09/turn               (no ring)

@: mighty
A: sickness immunity, AC +3, negative energy resistance 1, electricity
resistance, torment resistance 1, petrification resistance
a: no special abilities


You were on level 3 of the Dungeon.
You visited 1 branch of the dungeon, and saw 3 of its levels.

You collected 77 gold pieces.

Inventory:

Hand Weapons
 a - a +0 war axe (weapon)
Armour
 b - a +0 scale mail (worn)
 c - a +1 kite shield (worn)
Jewellery
 g - a ring of flight
Scrolls
 e - 2 scrolls of blinking
 f - a scroll of identify
 j - a scroll of enchant armour
Potions
 h - a potion of brilliance


   Skills:
 + Level 3.9 Fighting
 + Level 2.9 Axes
 + Level 4.0 Armour
 + Level 0.3 Dodging
 + Level 3.9 Shields


You had 3 spell levels left.
You didn't know any spells.
Your spell library was empty.

Dungeon Overview and Level Annotations

Branches:
Dungeon (3/15)

Altars:

Annotations:
D:3 2 transporters, SkeletonJelly's ghost, amateur KoBr


Innate Abilities, Weirdness & Mutations

You are immune to sickness and miasma.
Your stone body is resilient. (AC +3)
You are immune to poison.
You resist negative energy. (rN+)
You are resistant to electric shocks. (rElec)
You are resistant to unholy torment.
You are immune to petrification.


Message History

You hear some strange, mumbled words.
Something tries to affect you, but you resist.
You miss something. Something hits you. Something hits you but does no damage.
You hear some strange, mumbled words.
Something tries to affect you, but you resist.
Your shield and scale mail prevent you from hitting something.
Something hits you but does no damage. x2
You miss something.
SkeletonJelly's ghost whispers, "Soon you will have time, lots of time..."
Something completely misses you. Something hits you.
You barely miss something. Something hits you but does no damage.
Something completely misses you. Something hits you.
* * * LOW HITPOINT WARNING * * *
You closely miss something. Something hits you.
* * * LOW HITPOINT WARNING * * *
Something hits you but does no damage.
You barely miss something.
You hear some strange, mumbled words.
You are confused.
Something hits you but does no damage.
Unknown command.
You feel very mighty all of a sudden. Something hits you but does no damage.
You bump into the rock wall.
Something hits you but does no damage. x2
You bump into the translucent stone wall.
Something hits you but does no damage.
You bump into the translucent stone wall.
Something hits you but does no damage. x2
You closely miss something.
You hear some strange, mumbled words.
A magic dart appears from out of thin air!
The magic dart hits you.
* * * LOW HITPOINT WARNING * * *
Something completely misses you.
You feel less confused.
You miss something.
You hear some strange, mumbled words.
A puff of flame appears from out of thin air!
You block the puff of flame. Something hits you.
You die...

#+#
#.#.#.....#.#.#
#.#.##
#.#..#...#..#.#
#...
#.#....©....#.#
###
#.#..#...#..#.#
##.#.#.....#.#.#
...#......go©#.#
.>.##8...WW8##.#
#..#########..#
#......©.{@..##
#.####).)#####
##)## #..# #.##
.. #.# .. ##.


You could see a phantom, SkeletonJelly's ghost, an orc and a hobgoblin.

Vanquished Creatures
  3 adders
  2 dart slugs
  4 orcs (D:3)
  3 ball pythons (D:1)
  8 endoplasms
  5 giant cockroaches
  8 hobgoblins
  7 jackals
  6 kobolds
  2 quokkas
  6 bats
  A frilled lizard (D:2)
  2 goblins
  A rat (D:2)
58 creatures vanquished.

Vanquished Creatures (others)
  A plant (D:1)
1 creature vanquished.

Grand Total: 59 creatures vanquished

Notes
Turn   | Place    | Note
-------+----------+-------------------------------------------
     0 | D:1      | bande the Gargoyle Fighter began the quest for the Orb.
     0 | D:1      | Reached XP level 1. HP: 14/14 MP: 1/1
   162 | D:1      | Reached XP level 2. HP: 19/19 MP: 2/2
   567 | D:1      | Found a faded altar of an unknown god.
  1106 | D:1      | Reached XP level 3. HP: 24/24 MP: 3/3
  1769 | D:2      | Reached XP level 4. HP: 29/29 MP: 4/4
  2305 | D:3      | Noticed a phantom
  2307 | D:3      | Noticed SkeletonJelly's ghost (amateur KoBr)
  2385 | D:3      | Found a transporter.
  2388 | D:3      | Found a transporter.
  2423 | D:3      | Reached skill level 4 in Armour
  2438 | D:3      | HP: 1/29 [something/magic dart (6)]
  2440 | D:3      | Slain by an orc wizard

Illustrated notes

Levels and vault maps discovered:
D:1:      wander_arrival_fairy_ring, layout_loops_ring,
          shapermc_ecumenical_altar_starsandcircs
D:2:      layout_basic
D:3:      layout_loops_corners, mainiacjoe_overflow_swirl,
          gammafunk_ghost_arena, st_stairs_9, saegor_snake_ambush

Skill      XL: |  1  2  3  4 |
---------------+-------------+-----
Axes           | 2 |  2.9
Armour         | 4 |  4.0
Fighting       | |  3.9
Dodging        | |  0.3
Shields        | |  3.9

Action                   |  1- 3 |  4- 6 || total
-------------------------+-------+-------++-------
Melee: War axe           |   119 |    55 ||   174
  Use: Scroll            |     4 |       ||     4
       Potion            |       |     5 ||     5
Armor: Scale mail        |    88 |    51 ||   139
Dodge: Dodged            |    63 |    13 ||    76
Block: Kite shield       |    76 |    25 ||   101

Table legend: (Time is in decaauts)
 A = Elapsed time spent in this place.
 B = Non-inter-level travel time spent in this place.
 C = Inter-level travel time spent in this place.
 D = Time resting spent in this place.
 E = Time spent auto-exploring this place.
 F = Levels seen in this place.
 G = Mean time per level.
                   A        B        C        D        E       F      G
               +--------+--------+--------+--------+--------+-----+--------+
         Total |   2556 |   2556 |      0 |    577 |   1514 |   3 |  852.0 |
       Dungeon |   2556 |   2556 |      0 |    577 |   1514 |   3 |  852.0 |
               +--------+--------+--------+--------+--------+-----+--------+

Top non-repeatable levels by time:
     D:1: 1354 daAuts
     D:2: 954 daAuts
     D:3: 247 daAuts
